 Dungeon Crawl Stone Soup version 0.23-a0-344-ge122d05 (webtiles) character file.

2070 MisterFreud the Covert (level 9, 0/35 HPs)
             Began as a Felid Artificer on Oct 19, 2018.
             Was a Believer of Uskayaw.
             Slain by an orc warrior
             ... wielding a +0 flail
              (15 damage)
             ... on level 8 of the Dungeon.
             The game lasted 00:25:47 (9298 turns).

MisterFreud the Covert (Felid Artificer)            Turns: 9298, Time: 00:25:48

Health: 0/35       AC:  2    Str: 10    XL:     9   Next: 5%
Magic:  13/13      EV: 25    Int: 14    God:    Uskayaw [**....]
Gold:   475        SH:  0    Dex: 16    Spells: 8/8 levels left
                                        Lives:  0   Deaths: 2

rFire    . . .     SeeInvis +     - Unarmed
rCold    . . .     Gourm    .   (shield unavailable)
rNeg     . . .     Faith    .   (armour unavailable)
rPois    .         Spirit   .   (helmet unavailable)
rElec    .         Reflect  .   (cloak unavailable)
rCorr    .         Harm     .   (gloves unavailable)
MR       +....                  (boots unavailable)
Stlth    +++++.....             (no amulet)
HPRegen  0.11/turn              (no ring)
MPRegen  0.13/turn              (no ring)

@: quick
A: very small, no armour, no weapons or thrown items, stealth, claws 1, fangs 3,
see invisible, carnivore, speed 1, shaggy fur 2, slow metabolism 1, sharp paws
a: Stomp, Line Pass, Renounce Religion


You were on level 8 of the Dungeon.
You worshipped Uskayaw.
Uskayaw was noncommittal.
You were not hungry.

You visited 2 branches of the dungeon, and saw 9 of its levels.

You collected 475 gold pieces.

Inventory:

Wands
 a - a wand of flame (2)
 b - a wand of enslavement (8)
 c - a wand of random effects (1)
 h - a wand of digging (9)
Scrolls
 i - 2 scrolls of immolation
 n - a scroll of magic mapping
 o - 6 scrolls of identify
 p - 2 scrolls of remove curse
 r - a scroll of fog
Potions
 f - 3 potions of flight
 g - 3 potions of resistance
 j - a potion of agility
 l - a potion of brilliance
 m - a potion of ambrosia
 q - a potion of curing
Comestibles
 d - 19 rations
 k - 6 chunks of flesh


   Skills:
 - Level 1.0 Fighting
 - Level 9.2 Dodging
 - Level 10.1 Stealth
 + Level 8.2 Unarmed Combat
 + Level 4.4 Invocations
 - Level 3.2 Evocations


You had 8 spell levels left.
You didn't know any spells.
Your spell library contained the following spells:

 Spells                   Type           Power        Failure   Level  Hunger
 Animate Skeleton         Necr           N/A          28%         1    ##.....
 Apportation              Tloc           #.....       28%         1    ##.....
 Confusing Touch          Hex            #.....       28%         1    ##.....
 Summon Small Mammal      Summ           #...         28%         1    ##.....


Dungeon Overview and Level Annotations

Branches:
Dungeon (8/15)             Temple (1/1) D:4            Lair (0/6) D:8

Altars:
Ashenzari
Cheibriados
Dithmenos
Elyvilon
Fedhas
Gozag
Hepliaklqana
Kikubaaqudgha
Makhleb
Nemelex Xobeh
Okawaru
Qazlal
Ru
Sif Muna
Trog
Uskayaw
Vehumet
Wu Jian
Xom
Yredelemnul
Zin
The Shining One

Shops:
D:7 [

Annotations:
D:3 3 runed doors, eyesofgods1's ghost, amateur FoGl
D:4 Eustachio


Innate Abilities, Weirdness & Mutations

You cannot wear armour.
You are incapable of wielding weapons or throwing items.
Your paws allow you to move quietly. (Stealth)
You have sharp claws.
You have razor-sharp teeth.
You have supernaturally acute eyesight. (SInv)
You are carnivorous and can eat meat at any time.
You cover ground quickly.
You are covered in thick fur. (AC +2)
You have a slow metabolism.
Your sharp claws are effective at attacking unaware monsters.


Message History

You miss the leopard gecko.
The leopard gecko completely misses you.
The giant cockroach completely misses you.
The orc misses you. The jackal bites you.
You scratch the leopard gecko.
You kill the leopard gecko!
The jackal completely misses you. The giant cockroach barely misses you.
An orc comes into view. It is wielding a +0 short sword.
The orc hits you with a +2 hand axe of chopping.
You closely miss the orc.
The orc shouts!
The orc wizard miscasts a cantrip.
The jackal misses you.
The giant cockroach completely misses you.
You scratch the orc warrior but do no damage.
The jackal completely misses you. The orc closely misses you.
The orc wizard mumbles some strange words.
The orc wizard seems to speed up.
The giant cockroach closely misses you.
The orc warrior hits you with a +0 flail!
You die...

####...
#......
#......
#......
.....(.
#......
#..#.os#######
#....oo@†....#
.o....ho...#.#
...##.####.# .
#. # # #.#


You could see an orc warrior, an orc wizard, 3 orcs, a jackal and a giant
cockroach.

Vanquished Creatures
  Pikel (D:6)
  An elephant (D:8)
  A hippogriff (D:8)
  A wyvern (D:8)
  Sigmund (D:4)
  2 ice beasts
  A black bear (D:7)
  A sky beast (D:4)
  3 ogres
  3 crocodiles
  3 centaurs
  A big kobold (D:7)
  2 crimson imps (D:6)
  A jelly (D:8)
  A bullfrog skeleton (D:5)
  A centaur skeleton (D:7)
  A hound (D:6)
  A gnoll shaman (D:7)
  3 worker ants
  5 orc wizards
  A hound skeleton (D:5)
  A worker ant zombie (D:7)
  5 gnolls (D:7)
  6 adders
  2 shadow imps
  An adder skeleton (D:6)
  A worm (D:4)
  A dart slug (D:3)
  7 leopard geckos
  14 orcs
  7 giant cockroaches
  9 goblins
  2 hobgoblins
  6 jackals
  5 quokkas
  A ball python skeleton (D:5)
  8 bats
  10 frilled lizards
  A jackal skeleton (D:4)
  20 kobolds
  10 rats
152 creatures vanquished.

Vanquished Creatures (collateral kills)
  A black bear (D:7)
  An orc priest (D:7)
  2 orcs (D:7)
  A kobold (D:3)
5 creatures vanquished.

Vanquished Creatures (others)
  A slave (D:6)
  A jelly (D:6)
  A plant (D:2)
3 creatures vanquished.

Grand Total: 160 creatures vanquished

Notes
Turn   | Place    | Note
-------+----------+-------------------------------------------
     0 | D:1      | MisterFreud the Felid Artificer began the quest for the
                  | Orb.
     0 | D:1      | Reached XP level 1. HP: 9/9 MP: 4/4
    63 | D:1      | Reached skill level 2 in Stealth
   178 | D:1      | Reached skill level 3 in Stealth
   178 | D:1      | Reached XP level 2. HP: 10/12 MP: 5/5
   463 | D:1      | Reached skill level 4 in Stealth
   778 | D:1      | Reached XP level 3. HP: 13/15 MP: 6/6
  1544 | D:2      | Reached skill level 5 in Stealth
  1776 | D:2      | Found a glowing silver altar of Zin.
  1776 | D:2      | Found a deep blue altar of Sif Muna.
  1886 | D:2      | Found a faded altar of an unknown god.
  2517 | D:3      | Found a runed gate.
  2517 | D:3      | Found a runed gate.
  2517 | D:3      | Found a runed gate.
  2518 | D:3      | Noticed eyesofgods1's ghost (amateur FoGl)
  2922 | D:3      | Reached XP level 4. HP: 12/19 MP: 7/7
  3351 | D:3      | Reached skill level 6 in Stealth
  3467 | D:4      | Noticed Sigmund
  3480 | D:4      | Killed Sigmund
  3480 | D:4      | Reached XP level 5. HP: 20/22 MP: 8/8
  3770 | D:4      | Noticed Eustachio
  3901 | D:4      | Found a staircase to the Ecumenical Temple.
  3918 | Temple   | Entered the Ecumenical Temple
  4002 | Temple   | Became a worshipper of Uskayaw the Reveler
  4039 | D:4      | Reached * piety under Uskayaw
  4253 | D:4      | Killed from afar by a shadow imp
  4254 | D:4      | Reached XP level 4. HP: -3/19 MP: 7/7
  4294 | D:4      | Noticed a sky beast
  4295 | D:4      | Killed a sky beast
  4295 | D:4      | Reached XP level 5. HP: 22/22 MP: 8/8
  4295 | D:4      | Reached ** piety under Uskayaw
  4563 | D:5      | Entered Level 5 of the Dungeon
  4607 | D:5      | Reached skill level 5 in Unarmed Combat
  4793 | D:5      | Noticed an ogre
  4823 | D:5      | Killed an ogre
  4823 | D:5      | Gained mutation: You are covered in thick fur. (AC +2)
                  | [Felid growth]
  4823 | D:5      | Reached XP level 6. HP: 25/25 MP: 9/9
  4823 | D:5      | Reached *** piety under Uskayaw
  4998 | D:5      | Noticed an ice beast
  5021 | D:5      | Killed an ice beast
  5090 | D:5      | Found a shimmering altar of Xom.
  5091 | D:5      | Found a hazy altar of Hepliaklqana.
  5092 | D:5      | Noticed a spectral ugly thing
  5758 | D:5      | Reached skill level 1 in Invocations
  5758 | D:5      | Reached XP level 7. HP: 15/28 MP: 10/10
  6007 | D:6      | Found a stormy altar of Qazlal.
  6399 | D:6      | Found a sparkling altar of Nemelex Xobeh.
  6400 | D:6      | Found an opulent altar of Gozag.
  6423 | D:6      | Reached skill level 7 in Stealth
  6640 | D:6      | Noticed Pikel
  6661 | D:6      | Killed Pikel
  6661 | D:6      | Reached skill level 8 in Stealth
  6661 | D:6      | Reached XP level 8. HP: 11/32 MP: 11/11
  7047 | D:6      | Found an ancient bone altar of Kikubaaqudgha.
  7314 | D:7      | Reached skill level 9 in Stealth
  7314 | D:7      | Reached **** piety under Uskayaw
  8387 | D:7      | Reached skill level 10 in Stealth
  8662 | D:7      | Found Bikk's Armour Boutique.
  8992 | D:7      | Mangled by an orc warrior
  8993 | D:7      | Reached XP level 7. HP: -8/28 MP: 11/11
  9114 | D:8      | Noticed a hippogriff
  9115 | D:8      | Found a staircase to the Lair.
  9116 | D:8      | Noticed an elephant
  9128 | D:8      | Noticed a wyvern
  9133 | D:8      | Noticed a hungry ghost
  9136 | D:8      | Reached skill level 5 in Dodging
  9136 | D:8      | Reached XP level 8. HP: 31/32 MP: 12/12
  9138 | D:8      | Killed a hippogriff
  9138 | D:8      | Reached ***** piety under Uskayaw
  9185 | D:8      | Found a burning altar of Makhleb.
  9221 | D:8      | Killed an elephant
  9223 | D:8      | Reached XP level 9. HP: 21/35 MP: 13/13
  9298 | D:8      | Slain by an orc warrior

Vault maps used:
D:1:      psy_arrival_basics
D:2:      gammafunk_temple_overflow_wave, chequers_ecumenical_altar_island,
          lexackson_kobold_supper
D:3:      gammafunk_ghost_split, first_ration, chequers_jeans,
          chequers_serial_rivers_micro_c
D:4:      wad_crossroads, minmay_temple_entry_junction, uniq_sigmund,
          uniq_eustachio
D:5:      regret_index_temple_of_mockery
D:6:      grunt_temple_overflow_opulence, grunt_qazlal_clouds,
          lemuel_coloured_pillars_altar, uniq_pikel
D:7:      serial_shops, kennysheep_mini, grunt_ogre_cave
D:8:      david_lair_generic, serial_shops, kennysheep_mini_moat, bloody_makhleb
Temple:   jpeg_temple_clearing

Skill      XL: |  1  2  3  4  5  6  7  8 |
---------------+-------------------------+-----
Stealth        | 3 4 5 6 8 10 | 10.1
Unarmed Combat | 3 5 6 7 8 |  8.2
Invocations    | 1 3 4 |  4.4
Dodging        | 5 9 |  9.2
Fighting       | |  1.0
Evocations     | |  3.2

Action                   |  1- 3 |  4- 6 |  7- 9 || total
-------------------------+-------+-------+-------++-------
Melee: Unarmed           |   192 |   127 |   172 ||   491
       Bite              |    14 |     9 |    13 ||    36
       Punch             |       |     1 |     7 ||     8
Invok: Stomp             |       |     1 |       ||     1
Evoke: Wand              |     2 |    13 |    19 ||    34
  Use: Scroll            |     9 |     9 |     4 ||    22
       Potion            |       |     2 |     3 ||     5
 Stab: Sleeping          |    22 |     9 |     7 ||    38
       Paralysed         |       |     3 |     5 ||     8
       Distracted        |       |       |     3 ||     3
  Eat: Chunk             |    11 |     6 |    14 ||    31
Armor: Skin              |    11 |     6 |     4 ||    21
Dodge: Dodged            |   166 |   110 |   138 ||   414

Table legend:
 A = Non-vault XP
 B = Vault XP
 C = Vault XP percentage of total XP
 D = Non-vault monster count
 E = Vault monster count
 F = Vault count percentage of total count
                 A         B        C        D         E       F
            +---------+---------+-------+---------+---------+-------
      Total |    2490 |    1980 |  44.3 |     140 |      17 |  10.8
            +---------+---------+-------+---------+---------+-------
        D:1 |      43 |       0 |   0.0 |      30 |       0 |   0.0
        D:2 |      29 |      10 |  25.6 |      17 |       8 |  32.0
        D:3 |      48 |       0 |   0.0 |      15 |       0 |   0.0
        D:4 |      30 |     331 |  91.7 |       8 |       3 |  27.3
        D:5 |     450 |       0 |   0.0 |      17 |       0 |   0.0
        D:6 |     329 |     556 |  62.8 |      10 |       1 |   9.1
        D:7 |     945 |     121 |  11.4 |      30 |       1 |   3.2
        D:8 |     610 |     962 |  61.2 |      11 |       4 |  26.7
     Temple |       6 |       0 |   0.0 |       2 |       0 |   0.0
            +---------+---------+-------+---------+---------+-------
